 Dungeon Crawl Stone Soup version 0.30-a0-137-gd8773701ce (webtiles) character file.

Game seed: 4910226344819371316

116575 IdlyInterested the Unseen (level 16, -4/146 HPs)
             Began as a Demonspawn Gladiator on Sept 22, 2022.
             Was the Champion of Makhleb.
             Slain by Saint Roka
             ... wielding a +4 war axe of distortion
              (22 damage)
             ... on level 2 of the Orcish Mines on Sept 23, 2022.
             The game lasted 01:28:01 (24644 turns).

IdlyInterested the Unseen (Demonspawn Gladiator)   Turns: 24644, Time: 01:28:01

Health: -4/146     AC: 18    Str: 14    XL:     16   Next: 21%
Magic:  26/26      EV: 13    Int: 12    God:    Makhleb [******]
Gold:   1670       SH:  4    Dex: 23    Spells: 18/23 levels left

rFire   + . .      SeeInvis .    w - +3 quick blade (venom)
rCold   . . .      Faith    .    (no shield)
rNeg    + . .      Spirit   .    u - +1 ring mail of the Jabberwock {rN+ Slay+6}
rPois   .          Reflect  .    m - +2 helmet
rElec   .          Harm     .    R - scarf {+Inv}
rCorr   .          Rampage  .    (no gloves)
Will    +....                    I - +2 pair of boots
Stlth   ++++++....               V - amulet of the acrobat
HPRegen 0.34/turn                q - +4 ring of slaying
MPRegen 0.20/turn                h - +4 ring of slaying

@: studying Unarmed Combat
A: yellow scales 1, icemail 1, spiny 2, condensation shield, demonic touch 2,
agile 1, fire resistance 1, robust 1
a: Renounce Religion, Evoke Invisibility, Minor Destruction, Lesser Servant of
Makhleb, Major Destruction, Greater Servant of Makhleb


You were on level 2 of the Orcish Mines.
You worshipped Makhleb.
Makhleb was exalted by your worship.
You visited 4 branches of the dungeon, and saw 23 of its levels.

You collected 3005 gold pieces.
You spent 1335 gold pieces at shops.

Inventory:

Hand Weapons
 v - the +3 spear of Cunev {speed, Fly Int-4 Dex+3}
   (You found it on level 11 of the Dungeon)

   Attacks with this weapon are significantly faster.
   Int:       It affects your intelligence (-4).
   Dex:       It affects your dexterity (+3).
   Fly:       It grants you flight.
 w - a +3 quick blade of venom (weapon)
 y - the +8 rapier of Adir {elec, *Corrode rPois rF++}
   (You acquired it in the Ecumenical Temple)

   It occasionally discharges a powerful burst of electricity upon striking a
   foe.
   rF:        It greatly protects you from fire.
   rPois:     It protects you from poison.
   *Corrode:  It may corrode you when you take damage.
 E - a +1 scimitar of flaming
 Y - the +9 dagger of Ru's Favour {venom, rPois rN+ Int-2 SInv}
   (You found it on level 9 of the Dungeon)

   It poisons the flesh of those it strikes.
   Int:       It affects your intelligence (-2).
   rPois:     It protects you from poison.
   rN:        It protects you from negative energy.
   SInv:      It lets you see invisible.
Missiles
 d - 4 throwing nets
 g - 18 boomerangs (quivered)
 x - 61 poisoned darts
 T - 15 curare-tipped darts
Armour
 m - a +2 helmet (worn)
 u - the +1 ring mail of the Jabberwock (worn) {rN+ Slay+6}
   (You found it on level 4 of the Dungeon)

   Slay:      It affects your accuracy & damage with ranged weapons and melee
   (+6).
   rN:        It protects you from negative energy.
 F - a +2 ring mail of cold resistance
 I - a +2 pair of boots (worn)
 R - a scarf of invisibility (worn)
 U - +0 acid dragon scales
Jewellery
 c - a ring of protection from cold
 h - a +4 ring of slaying (right hand)
 k - a ring of positive energy
 q - a +4 ring of slaying (left hand)
 B - a ring of protection from fire
 C - an amulet of faith
 D - the ring "Heptabeo" {+Blink Will+}
   (You acquired it on level 6 of the Dungeon)

   [ring of willpower]

   +Blink:    It lets you blink.
   Will:      It increases your willpower.
 K - a +6 ring of dexterity
 P - a ring of see invisible
 V - an amulet of the acrobat (around neck)
Wands
 f - a wand of iceblast (12)
 j - a wand of paralysis (8)
 G - a wand of flame (70)
 N - a wand of light (11)
 O - a wand of polymorph (8)
Scrolls
 a - 3 scrolls of enchant armour
 b - 4 scrolls of fear
 n - 4 scrolls of magic mapping
 o - a scroll of silence
 s - 5 scrolls of amnesia
 z - 10 scrolls of teleportation
 H - a scroll of summoning
 M - 2 scrolls of vulnerability
 Z - 2 scrolls of blinking
Potions
 i - 2 potions of cancellation
 l - 2 potions of magic
 p - 2 potions of ambrosia
 r - 14 potions of curing
 t - 4 potions of haste
 A - 6 potions of flight
 J - a potion of heal wounds
 L - 6 potions of mutation
 Q - 3 potions of attraction
 S - 2 potions of brilliance
 X - 2 potions of might


   Skills:
 - Level 14.0 Fighting
 - Level 8.0 Short Blades
 - Level 4.0 Throwing
 - Level 1.0 Armour
 - Level 4.0 Dodging
 * Level 15.5 Stealth
 + Level 8.2 Unarmed Combat
 - Level 4.0 Spellcasting
 - Level 8.0 Hexes
 - Level 14.0 Invocations
 - Level 8.0 Evocations


You had 18 spell levels left.
You knew the following spells:

 Your Spells              Type           Power      Damage    Failure   Level
a - Ensorcelled Hibernat  Hex/Ice        24%        N/A       13%         2
b - Tukima's Dance        Hex            21%        N/A       4%          3

Your spell library contained the following spells:

 Spells                   Type           Power      Damage    Failure   Level
 Slow                     Hex            84%        N/A       1%          1
 Confusing Touch          Hex            21%        N/A       4%          3
 Summon Guardian Golem    Hex/Summ       12%        N/A       26%         3
 Blink                    Tloc           4%         N/A       56%         2
 Passwall                 Tmut/Erth      1%         N/A       56%         2
 Anguish                  Hex/Necr       6%         N/A       65%         4
 Spider Form              Tmut/Pois      2%         N/A       80%         3
 Swiftness                Air            2%         N/A       80%         3
 Vampiric Draining        Necr           2%         2d6       80%         3
 Yara's Violent Unravell  Hex/Tmut       6%         3d5       94%         5
 Manifold Assault         Tloc           2%         N/A       99%         4
 Passage of Golubria      Tloc           2%         N/A       99%         4
 Orb of Destruction       Conj           1%         9d5       100%        7
 Spellforged Servitor     Conj/Summ      1%         N/A       100%        7
 Storm Form               Tmut/Air       1%         N/A       100%        7


Dungeon Overview and Level Annotations

Branches:
Dungeon (15/15)            Temple (1/1) D:6            Lair (5/5) D:11
 Shoals (0/4) Lair:3        Snake (0/4) Lair:3        Slime (0/5) Lair:4
    Orc (2/2) D:12            Elf (0/3) Orc:2        Vaults (0/5) D:13
 Depths: D:15

Altars:
Ashenzari
Cheibriados
Dithmenos
Fedhas
Gozag
Hepliaklqana
Kikubaaqudgha
Makhleb
Nemelex Xobeh
Okawaru
Qazlal
Ru
Sif Muna
Trog
Uskayaw
Vehumet
Wu Jian
Xom
Yredelemnul

Shops:
D:5 [   D:11 *(?*   Orc:1 *   Orc:2 (!

Annotations:
Orc:2 Saint Roka


Innate Abilities, Weirdness & Mutations

You are partially covered in yellow scales. (AC +2)
A meltable icy envelope protects you from harm. (AC +4)
You are mostly covered in sharp spines.
A meltable shield of frost defends you. (SH +4)
Your touch may inflict irresistible damage on your foes.
You are agile. (Dex +4, Str/Int -1)
Your flesh is heat resistant. (rF+)
You are robust. (+10% HP)


Message History

You kill the orc warrior!
Makhleb accepts your kill.
You feel better.
Unknown command.
Aiming: Iceblast
Press: ? - help, Shift-Dir - straight line, f/p - orc knight
Aim: an orc knight, wielding a +0 glaive and wearing a +0 chain mail (heavily wounded, very poisoned, slow)
The mass of ice explodes!
The iceblast engulfs the orc knight!!
The orc knight is almost dead.
Makhleb accepts your kill.
You feel better.
You feel a bit more experienced. Makhleb accepts your kill.
You feel better.
You feel a bit more experienced.
The iceblast engulfs the orc warrior!
The orc warrior is heavily wounded.
The iceblast engulfs the orc!
You kill the orc!
Makhleb accepts your kill.
You puncture the orc warrior!
The orc warrior is poisoned.
Your touch misses the orc warrior.
The orc warrior is severely wounded.
The orc knight hits you from afar with a +0 glaive!
* * * LOW HITPOINT WARNING * * *
You hit the orc warrior.
You kill the orc warrior!
Makhleb accepts your kill.
You feel better.
You puncture Saint Roka!
Saint Roka is poisoned.
You touch Saint Roka!
Saint Roka is lightly wounded.
You hear a shout!
You barely miss Saint Roka.
You touch Saint Roka!
Saint Roka is lightly wounded.
You puncture Saint Roka!
Saint Roka looks as sick as possible!
Saint Roka is moderately wounded.
The orc knight closely misses you.
You barely miss Saint Roka.
Saint Roka is moderately wounded.
Saint Roka is struck by your spines.
Saint Roka hits you with a +4 war axe of distortion!!
You die... #......### #........... ##....## #. .. #........... ###..#∩ #oo

..####.#........
#.##.8##o###'##8.#..........
#.# .oooo4)..(..)'.8........
#.# oooo.38)))...'..........
#.# ooO3ooo§o)..)'.8........
#.##.8##o###o##8.#..........
#..# #@).####......#### #^.##
#)).# #..#....#... ##..###
#...###.##....#._)
##...##########..#.....#...
###............##.....####
#####.#########..........
##.##....## ##.........
#####.........# #####..#......
##.#.#........###.#.#...#......


You could see Saint Roka (strong, extremely poisoned) and an orc knight
(poisoned, slow).

Vanquished Creatures
  Jorgrun (D:13)
  Frances (D:12)
  A tengu reaver (D:13)
  A frost giant (D:13)
  3 orc warlords
  3 dire elephants (Lair:5)
  Snorg (D:11)
  A fire dragon (D:13)
  Josephine (D:11)
  The ghost of Chaicat the Fighter, a journeyman MiFi of Okawaru (D:12)
  An ice dragon (D:13)
  4 hydras
  Erica (Lair:1)
  5 centaur warriors
  An ogre mage (Orc:2)
  2 boulder beetles
  12 two-headed ogres
  4 orc high priests (Orc:2)
  Amaemon (Lair:3)
  A spectral death yak (Lair:5)
  A deep troll (D:13)
  An obsidian statue (Lair:5)
  A spectral anaconda (Lair:5)
  3 necromancers (Lair:5)
  An orc knight (Orc:1)
  5 orc sorcerers
  2 deep elf pyromancers (D:13)
  Pikel (D:5)
  A manticore (D:13)
  4 cyclopes
  A deep elf zephyrmancer (Orc:2)
  2 ugly things
  An oklob plant (Lair:3)
  A merfolk siren (Lair:3)
  27 elephants
  A gargoyle (D:11)
  Maurice (D:12)
  A black mamba (Lair:5)
  An orange demon (Lair:3)
  A dire elephant zombie (Lair:5)
  11 cane toads
  5 kobold demonologists (D:12)
  11 komodo dragons
  Psyche (D:9)
  A dire elephant skeleton (Lair:5)
  A rime drake (Lair:3)
  5 trolls
  2 hornets
  3 polar bears
  31 blink frogs
  A spectral elephant (Lair:5)
  4 dream sheep (Lair:4)
  Prince Ribbit (Lair:3)
  6 wyverns
  A spriggan (shapeshifter) (D:14)
  9 wraiths
  69 yaks
  5 basilisks
  Menkaure (D:5)
  3 steam dragons
  12 vampire mosquitoes
  A death yak simulacrum (Lair:5)
  2 spectral cane toads (Lair:5)
  2 nagas (Lair:3)
  3 wargs
  3 acid dragons
  9 water moccasins
  A black bear (D:8)
  2 ice beasts
  2 sky beasts (D:7)
  33 orc warriors
  A boggart (Orc:2)
  3 elephant zombies (Lair:5)
  16 ogres
  14 wolves
  9 centaurs
  3 lemures (D:5)
  3 elephant skeletons (Lair:5)
  12 kobold brigands
  A phantom (D:5)
  2 necrophages
  A scorpion (D:5)
  12 bullfrogs
  A cane toad simulacrum (Lair:5)
  10 wights (D:8)
  2 elephant simulacra (Lair:5)
  6 killer bees (D:10)
  4 howler monkeys
  2 vampire bats (D:6)
  An electric eel (Lair:3)
  4 iguanas
  18 orc priests
  2 hounds
  A gnoll bouda (D:4)
  27 orc wizards
  Natasha (thrice) (D:4)
  7 hell rats (Lair:5)
  Robin (D:1)
  17 gnolls
  6 adders
  A white imp (D:5)
  2 ufetubi (D:5)
  2 dart slugs
  96 orcs
  16 endoplasms
  A giant cockroach (D:4)
  15 goblins
  11 hobgoblins
  8 jackals
  18 kobolds
  4 quokkas
  6 ball pythons
  16 bats
  A frilled lizard (D:1)
  7 rats
  2 butterflies (Lair:3)
  A fungus (Lair:5)
740 creatures vanquished.

Vanquished Creatures (collateral kills)
  A deep elf knight (Orc:2)
  4 orc warriors (Orc:2)
  An orc priest (Orc:2)
  2 orcs (Orc:2)
8 creatures vanquished.

Vanquished Creatures (others)
  A centaur (D:13)
  An orc (Orc:2)
  20 fungi
  22 plants
  8 withered plants (Lair:5)
52 creatures vanquished.

Grand Total: 800 creatures vanquished

Notes
Turn   | Place    | Note
-------+----------+-------------------------------------------
     0 | D:1      | IdlyInterested the Demonspawn Gladiator began the quest for
                  | the Orb.
     0 | D:1      | Reached XP level 1. HP: 16/16 MP: 1/1
   209 | D:1      | Gained mutation: You are partially covered in sharp spines.
                  | [demonic ancestry]
   209 | D:1      | Reached XP level 2. HP: 21/22 MP: 2/2
   210 | D:1      | Reached skill level 1 in Stealth
   221 | D:1      | Found a faded altar of an unknown god.
   741 | D:1      | Gained mutation: Your touch may inflict minor irresistible
                  | damage on your foes. [demonic ancestry]
   741 | D:1      | Reached XP level 3. HP: 28/28 MP: 3/3
  1112 | D:2      | Noticed Robin
  1189 | D:1      | Killed Robin
  1190 | D:1      | Reached skill level 2 in Stealth
  1439 | D:2      | Found a shimmering altar of Xom.
  1455 | D:1      | Gained mutation: A meltable shield of frost defends you.
                  | (SH +4) [demonic ancestry]
  1455 | D:1      | Reached XP level 4. HP: 24/34 MP: 4/4
  1867 | D:2      | Gained mutation: You are mostly covered in sharp spines.
                  | [demonic ancestry]
  1867 | D:2      | Reached XP level 5. HP: 40/40 MP: 5/5
  2044 | D:2      | Reached skill level 3 in Stealth
  2901 | D:4      | Reached skill level 1 in Unarmed Combat
  3022 | D:4      | Identified the +1 pair of gloves of Darchiupn {Str+4}
  3150 | D:4      | Reached XP level 6. HP: 44/47 MP: 6/6
  3266 | D:4      | Identified the +1 ring mail of the Jabberwock {rN+ Slay+6}
  3393 | D:4      | Noticed Natasha
  3399 | D:4      | Killed Natasha
  3466 | D:4      | Reached skill level 4 in Stealth
  3570 | D:4      | Noticed Natasha
  3574 | D:4      | Killed Natasha
  3575 | D:4      | Reached XP level 7. HP: 40/53 MP: 7/7
  3802 | D:4      | Noticed Natasha
  3807 | D:4      | Killed Natasha
  3938 | D:5      | Entered Level 5 of the Dungeon
  4069 | D:5      | Noticed Pikel
  4093 | D:5      | Killed Pikel
  4094 | D:5      | Reached skill level 6 in Stealth
  4094 | D:5      | Reached XP level 8. HP: 44/61 MP: 8/8
  4193 | D:5      | Reached skill level 5 in Fighting
  4357 | D:5      | Reached skill level 1 in Armour
  4357 | D:5      | Reached skill level 7 in Stealth
  4521 | D:5      | Reached skill level 1 in Evocations
  4723 | D:5      | Found Jogocu's Antique Armour Shoppe.
  4777 | D:5      | Noticed Menkaure
  4782 | D:5      | Killed Menkaure
  5431 | D:6      | Identified 2 scrolls of acquirement
  5431 | D:6      | Acquired the ring "Heptabeo" {+Blink Will+}
  5441 | D:6      | Noticed a cyclops
  5452 | D:6      | Killed a cyclops
  5453 | D:6      | Reached skill level 8 in Stealth
  5453 | D:6      | Reached XP level 9. HP: 36/69 MP: 9/9
  5860 | D:6      | Noticed a troll
  5869 | D:6      | Killed a troll
  5874 | D:6      | Reached skill level 9 in Stealth
  6495 | D:6      | Found a staircase to the Ecumenical Temple.
  6502 | Temple   | Entered the Ecumenical Temple
  7034 | D:5      | Bought a runed cloak for 135 gold pieces
  7034 | D:5      | Bought a glowing ring mail for 126 gold pieces
  7132 | Temple   | Acquired a +2 quick blade of venom
  7329 | D:7      | Reached skill level 5 in Short Blades
  7776 | D:7      | Found a hazy altar of Hepliaklqana.
  7892 | D:7      | Identified the +8 whip "Ymolug" {freeze, rF++ SInv Stlth+}
  8364 | D:8      | Reached XP level 10. HP: 77/77 MP: 10/10
  9884 | D:9      | Reached skill level 10 in Stealth
 10169 | D:9      | Identified the +9 dagger of Ru's Favour {venom, rPois rN+
                  | Int-2 SInv}
 10186 | D:9      | Noticed Psyche
 10193 | D:9      | Killed Psyche
 10263 | D:9      | Reached skill level 5 in Unarmed Combat
 10542 | D:10     | Entered Level 10 of the Dungeon
 11042 | D:10     | Noticed a two-headed ogre
 11044 | D:10     | Killed a two-headed ogre
 11045 | D:10     | Reached XP level 11. HP: 89/89 MP: 11/11
 11563 | D:10     | Gained mutation: You are agile. (Dex +4, Str/Int -1)
                  | [potion of mutation]
 11563 | D:10     | Gained mutation: Your flesh is heat resistant. (rF+)
                  | [potion of mutation]
 11563 | D:10     | Gained mutation: You are robust. (+10% HP) [potion of
                  | mutation]
 11781 | D:11     | Found Bekoe's General Store.
 11858 | D:11     | Found Xeiwiom's Weapon Emporium.
 11889 | D:11     | Reached skill level 10 in Fighting
 11949 | D:11     | Found a staircase to the Lair.
 11956 | D:11     | Noticed a centaur warrior
 11964 | D:11     | Killed a centaur warrior
 12121 | D:11     | Found Feaj's Magic Scroll Boutique.
 12408 | D:11     | Noticed Josephine
 12414 | D:11     | Noticed Snorg
 12423 | D:11     | Killed Josephine
 12424 | D:11     | Reached skill level 11 in Stealth
 12448 | D:11     | Killed Snorg
 12738 | D:11     | Found Ogomupou's Assorted Antiques.
 12741 | D:11     | Bought a scroll labelled SOURUR ALAEGE for 20 gold pieces
 12741 | D:11     | Bought a scroll labelled QESI YTAES DOL for 20 gold pieces
 12741 | D:11     | Bought a scroll labelled QOD HUEGRIL for 20 gold pieces
 13147 | D:11     | Noticed a two-headed ogre
 13155 | D:11     | Killed a two-headed ogre
 13157 | D:11     | Identified the +3 spear of Cunev {speed, Fly Int-4 Dex+3}
 13230 | D:11     | Bought a scroll of identify for 28 gold pieces
 13359 | D:11     | Bought a scroll of brand weapon for 133 gold pieces
 13359 | D:11     | Bought a scroll of silence for 133 gold pieces
 13392 | Lair:1   | Entered Level 1 of the Lair of Beasts
 13423 | Lair:1   | Reached skill level 12 in Stealth
 13634 | Temple   | Became a worshipper of Makhleb the Destroyer
 13831 | Lair:1   | Noticed a boulder beetle
 13847 | Lair:1   | Killed a boulder beetle
 13848 | Lair:1   | Gained mutation: A meltable icy envelope protects you from
                  | harm. (AC +4) [demonic ancestry]
 13848 | Lair:1   | Reached XP level 12. HP: 53/106 MP: 12/12
 14400 | Lair:1   | Noticed Erica
 14413 | Lair:1   | Killed Erica
 14922 | Lair:2   | Reached * piety under Makhleb
 14963 | Lair:2   | Reached skill level 5 in Evocations
 15626 | Lair:3   | Found a staircase to the Snake Pit.
 15699 | Lair:3   | Noticed Amaemon
 15718 | Lair:3   | Killed Amaemon
 15785 | Lair:3   | Reached ** piety under Makhleb
 15821 | Lair:3   | Gained mutation: You are partially covered in yellow
                  | scales. (AC +2) [demonic ancestry]
 15821 | Lair:3   | Reached XP level 13. HP: 94/118 MP: 13/13
 15834 | Lair:3   | Gained mutation: Your touch may inflict irresistible damage
                  | on your foes. [demonic ancestry]
 15834 | Lair:3   | Reached XP level 14. HP: 105/126 MP: 13/20
 16293 | Lair:3   | Noticed Prince Ribbit
 16302 | Lair:3   | Killed Prince Ribbit
 16304 | Lair:3   | Reached skill level 1 in Hexes
 16548 | Lair:3   | Found a staircase to the Shoals.
 16721 | Lair:4   | Reached skill level 13 in Stealth
 16907 | Lair:4   | Reached *** piety under Makhleb
 16970 | Lair:4   | Found a staircase to the Slime Pits.
 17615 | Lair:5   | Entered Level 5 of the Lair of Beasts
 17621 | Lair:5   | Reached skill level 14 in Stealth
 17912 | Lair:5   | Reached skill level 5 in Hexes
 17944 | Lair:5   | Learned a level 2 spell: Ensorcelled Hibernation
 17948 | Lair:5   | Learned a level 3 spell: Tukima's Dance
 18023 | Lair:5   | Found a shadowy altar of Dithmenos.
 18053 | Lair:5   | Reached **** piety under Makhleb
 18656 | Lair:5   | Reached ***** piety under Makhleb
 18722 | Lair:5   | Reached XP level 15. HP: 138/138 MP: 21/21
 19042 | Lair:5   | Reached skill level 10 in Invocations
 19738 | D:11     | Bought a scroll of acquirement for 572 gold pieces
 19872 | Temple   | Acquired 786 gold pieces
 19874 | Temple   | Acquired the +8 rapier of Adir {elec, *Corrode rPois rF++}
 19878 | Temple   | Acquired a manual of Unarmed Combat
 20209 | D:12     | Noticed Frances
 20212 | D:12     | Killed Frances
 20599 | D:12     | Found a staircase to the Orcish Mines.
 20627 | D:12     | Found a runed translucent gate.
 20627 | D:12     | Found a runed translucent gate.
 20628 | D:12     | Found a runed translucent gate.
 20629 | D:12     | Noticed Chaicat's ghost (journeyman MiFi)
 20659 | D:12     | Noticed Maurice
 20676 | D:12     | Killed Maurice
 20960 | D:12     | Killed Chaicat's ghost
 21135 | D:13     | You fall into a shaft and drop 2 floors!
 21135 | D:15     | Entered Level 15 of the Dungeon
 21371 | D:13     | Noticed Jorgrun
 21385 | D:13     | Killed Jorgrun
 21663 | D:13     | Found a runed translucent door.
 21663 | D:13     | Noticed a frost giant
 21664 | D:13     | Noticed a tengu reaver
 21734 | D:13     | Killed a tengu reaver
 21750 | D:13     | Killed a frost giant
 22433 | D:13     | Found a gate to the Vaults.
 22581 | Orc:1    | Entered Level 1 of the Orcish Mines
 22714 | Orc:2    | Entered Level 2 of the Orcish Mines
 22737 | Orc:2    | Reached skill level 1 in Spellcasting
 22760 | Orc:2    | Reached ****** piety under Makhleb
 23026 | Orc:1    | Found Himy's General Store.
 23368 | Orc:1    | Reached XP level 16. HP: 146/146 MP: 26/26
 23472 | Orc:1    | Bought a potion of curing for 33 gold pieces
 23472 | Orc:1    | Bought a potion of curing for 33 gold pieces
 23472 | Orc:1    | Bought a scroll of enchant armour for 82 gold pieces
 23739 | Orc:2    | Reached skill level 15 in Stealth
 24242 | Orc:2    | Found Gacw's Distillery.
 24390 | Orc:2    | Found a staircase to the Elven Halls.
 24581 | Orc:2    | Found Rygiope's Antique Weapon Shoppe.
 24581 | Orc:2    | Noticed Saint Roka
 24634 | Orc:2    | HP: 6/146 [orc knight/+0 glaive (9)]
 24644 | Orc:2    | Slain by Saint Roka

Illustrated notes

Levels and vault maps discovered:
D:1:      lightli_arrival_maybe_door_vault, layout_rooms,
          hellmonk_ecumenical_altar_zigzags
D:2:      cheibrodos_pilgrimage, layout_rooms, basic_altar, uniq_robin
D:3:      layout_basic, hex_medium
D:4:      layout_rooms, eino_small_chamber_without_monster, minmay_starry_boxes,
          uniq_natasha
D:5:      layout_basic, serial_shops, nicolae_take_the_stairs, uniq_menkaure,
          uniq_pikel
D:6:      layout_loops_ring, minmay_temple_entry_trees, roderic_batcave,
          corner_web_ring, amcnicky_mini_rare_corridor_liquid
D:7:      layout_basic, nicolae_hepliaklqana_hippocampus
D:8:      layout_basic, minmay_quadrilaterals
D:9:      layout_irregular_city, uniq_psyche
D:10:     layout_basic
D:11:     layout_layer_cave, lair_entry_dummy, serial_shops,
          kennysheep_mini_moat, nicolae_shop_bloodbath_and_beyond,
          kennysheep_mini, nicolae_stop_n_shop_2, uniq_snorg, uniq_josephine
D:12:     layout_cave_pools, david_orc_2, gammafunk_ghost_nasty_kobolds,
          uniq_maurice, uniq_frances
D:13:     layout_irregular_city, david_vaults_4, minmay_hidden_floor,
          uniq_jorgrun
D:14:     layout_rooms, minivault_23, dreamdust_wishing_well,
          ebering_dispersal_statue_hall
D:15:     gammafunk_enter_depths_forms, layout_loops_ring, grunt_qazlal_clouds,
          minivault_26
Temple:   nicolae_temple_bog_church
Lair:1:   layout_concentric_octagons, uniq_erica
Lair:2:   layout_regular_city
Lair:3:   layout_misc_corridors, minmay_shoals_entry_lonely_mermaid,
          minmay_snake_entry_guardpost_small, lemuel_fruit_fields,
          serial_bayou_shore_a, uniq_amaemon, uniq_prince_ribbit2
Lair:4:   layout_long_grid, slime_entry_1, beast_lair_carwin_11,
          grunt_megastairs_4
Lair:5:   due_jungle_book, layout_big_grid, basic_altar, grunt_megastairs_3,
          serial_bayou_shore_b
Orc:1:    layout_diamond_mine, serial_shops, shop
Orc:2:    grunt_orc_community_town_hall, layout_diamond_mine,
          grunt_orc_community_big_house_1, grunt_orc_community_big_house_2,
          grunt_orc_community_house_3, grunt_orc_community_house_2,
          grunt_orc_community_house_1, grunt_orc_community_house_2, elf_legates

Skill      XL: |  1  2  3  4  5  6  7  8  9 10 11 12 13 14 15 16 |
---------------+-------------------------------------------------+-----
Stealth        | 1 2 3 4 6 8 9 10 12 14 15 | 15.5
Short Blades   | 3 4 7 8 |  8.0
Fighting       | 3 4 6 9 10 12 14 | 14.0
Unarmed Combat | 1 3 4 5 7 8 |  8.2
Throwing       | 2 4 |  4.0
Armour         | 1 |  1.0
Evocations     | 2 7 8 |  8.0
Invocations    | 8 9 14 | 14.0
Hexes          | 7 8 |  8.0
Dodging        | 4 |  4.0
Spellcasting   | 3 4 |  4.0

Action                   |  1- 3 |  4- 6 |  7- 9 | 10-12 | 13-15 | 16-18 || total
-------------------------+-------+-------+-------+-------+-------+-------++-------
Melee: Rapier            |    34 |       |       |       |    23 |       ||    57
       Short sword       |    45 |    92 |   125 |       |       |       ||   262
       Punch             |     1 |     2 |     5 |    20 |    80 |    14 ||   122
       Touch             |     3 |    13 |    29 |   112 |   224 |    38 ||   419
       Quick blade       |       |       |    40 |   460 |   852 |   166 ||  1518
       Scimitar          |       |       |       |       |     2 |       ||     2
Throw: Boomerang         |       |     3 |     1 |     4 |    13 |       ||    21
       Dart              |       |       |       |       |       |     2 ||     2
       Javelin           |       |       |       |       |       |     1 ||     1
 Cast: Tukima's Dance    |       |       |       |       |     1 |       ||     1
Invok: Lesser Servant of |       |       |       |       |     2 |       ||     2
       Greater Servant o |       |       |       |       |     1 |     3 ||     4
 Abil: Evoke Invisibilit |       |       |       |       |     1 |       ||     1
Evoke: Wand              |       |       |       |     1 |     3 |     8 ||    12
  Use: Scroll            |       |    13 |     8 |    12 |     4 |       ||    37
       Potion            |       |     2 |     2 |     3 |     2 |     3 ||    12
 Stab: Sleeping          |     5 |     6 |    13 |    16 |    30 |     8 ||    78
       Distracted        |       |     2 |     1 |       |     2 |     1 ||     6
       Invisible         |       |       |       |       |     6 |       ||     6
Armor: Leather armour    |    36 |    14 |       |       |       |       ||    50
       Ring mail         |       |     2 |    22 |    80 |   162 |    21 ||   287
Dodge: Dodged            |    59 |    38 |    40 |   139 |   262 |    61 ||   599
Block: Other             |       |    16 |    17 |    43 |    58 |    22 ||   156

Table legend: (Time is in decaauts)
 A = Elapsed time spent in this place.
 B = Non-inter-level travel time spent in this place.
 C = Inter-level travel time spent in this place.
 D = Time resting spent in this place.
 E = Time spent auto-exploring this place.
 F = Levels seen in this place.
 G = Mean time per level.
                   A        B        C        D        E       F      G
               +--------+--------+--------+--------+--------+-----+--------+
         Total |  23632 |  20069 |   3563 |   2979 |  12483 |  23 | 1027.5 |
       Dungeon |  15964 |  13056 |   2908 |   2317 |   7970 |  15 | 1064.3 |
        Temple |    338 |    241 |     97 |      0 |    161 |   1 |  338.0 |
          Lair |   5502 |   4960 |    542 |    662 |   3133 |   5 | 1100.4 |
  Orcish Mines |   1826 |   1812 |     14 |      0 |   1219 |   2 |  913.0 |
               +--------+--------+--------+--------+--------+-----+--------+

Top non-repeatable levels by time:
     D:6: 1939 daAuts
  Lair:5: 1726 daAuts
     D:1: 1533 daAuts
     D:8: 1530 daAuts
     D:5: 1428 daAuts
    D:11: 1413 daAuts
    D:13: 1289 daAuts
     D:9: 1156 daAuts
    D:10: 1138 daAuts
   Orc:2: 1117 daAuts
     D:7: 1078 daAuts
  Lair:3: 1045 daAuts
     D:4: 1013 daAuts
  Lair:1: 970 daAuts
    D:12: 930 daAuts
